 Dungeon Crawl Stone Soup version 0.28-a0-957-g42eb19b844 (webtiles) character file.

Game seed: 15232208680974754002

453 hellse the Ruffian (level 6, -1/61 HPs)
             Began as a Troll Delver on Nov 30, 2021.
             Slain by a troll (13 damage)
             ... on level 6 of the Dungeon.
             The game lasted 00:02:40 (1227 turns).

hellse the Ruffian (Troll Delver)                   Turns: 1227, Time: 00:02:41

Health: -1/61      AC:  8    Str: 21    XL:     6   Next: 75%
Magic:  5/5        EV: 10    Int:  6    God:
Gold:   109        SH:  0    Dex: 13    Spells: 5/5 levels left

rFire   . . .      SeeInvis .     - Unarmed
rCold   + . .      Faith    .   (no shield)
rNeg    . . .      Spirit   .   p - +0 steam dragon scales
rPois   .          Reflect  .   (helmet restricted)
rElec   .          Harm     .   k - +0 cloak
rCorr   .          Rampage  .   (gloves unavailable)
Will    .....                   (boots unavailable)
Stlth   ++........              (no amulet)
HPRegen 1.00/turn               l - ring of protection from cold
MPRegen 0.09/turn               (no ring)

@: no status effects
A: large, unfitting armour, claws 3, regeneration 1, shaggy fur 1, tough skin 1
a: no special abilities


You were on level 6 of the Dungeon.
You visited 1 branch of the dungeon, and saw 3 of its levels.

You collected 109 gold pieces.

Inventory:

Missiles
 o - 5 large rocks (quivered)
Armour
 a - a +0 robe
 k - a +0 cloak (worn)
 p - +0 steam dragon scales (worn)
Jewellery
 l - a ring of protection from cold (left claw)
Wands
 f - a wand of digging (3)
Scrolls
 b - 2 scrolls of fog
 c - a scroll of silence {unknown}
 d - a scroll of fear
 g - a scroll of immolation {unknown}
 i - 4 scrolls of identify {unknown}
 j - a scroll of noise {unknown}
 n - a scroll of amnesia {unknown}
Potions
 e - a potion of haste
 h - a potion of curing {unknown}
 m - a potion of berserk rage {unknown}


   Skills:
 + Level 3.0 Fighting
 - Level 1.5 Dodging
 - Level 2.7 Stealth
 - Level 7.0 Unarmed Combat


You had 5 spell levels left.
You didn't know any spells.
Your spell library contained the following spells:

 Spells                   Type           Power      Damage    Failure   Level
 Foxfire                  Conj/Fire      0%         2x1d4     45%         1
 Conjure Flame            Conj/Fire      0%         6-21      83%         3
 Inner Flame              Hex/Fire       0%         N/A       83%         3
 Flame Wave               Conj/Fire      0%         2d4       99%         4


Dungeon Overview and Level Annotations

Branches:
Dungeon (6/15)
 Temple: D:4-7

Altars:
Elyvilon
Xom

Shops:
D:4 [

Annotations:
D:5 Menkaure


Innate Abilities, Weirdness & Mutations

You are too large for most types of armour.
You have claws for hands.
Your natural rate of healing is unusually fast.
You are covered in fur. (AC +1)
You have tough skin. (AC +1)


Message History

The orc shouts!
You claw the orc priest!
The orc priest is severely wounded.
The orc priest closely misses you.
Things that are here:
a +2 scimitar; a +0 robe You scratch the orc priest.
The orc priest is severely wounded.
The orc priest closely misses you.
You scratch the orc priest but do no damage.
The orc priest is severely wounded.
The orc priest begins to cast a cantrip, but forgets the words!
The orc priest calls upon Beogh to heal the orc priest.
The orc priest is healed somewhat.
You claw the orc priest!
You kill the orc priest!
Your life force feels restored.
Your Fighting skill increases to level 3!
You closely miss the orc. The orc barely misses you.
You barely miss the orc. You barely miss the troll. You scratch the troll.
You claw the troll!
The troll is moderately wounded.
The troll bites you!
The troll claws you but does no damage. x2
You closely miss the troll.
The troll is moderately wounded.
The troll bites you. The troll closely misses you. The troll claws you!
You are too injured to fight recklessly!
You are too injured to fight recklessly!
You claw the troll!
The troll is heavily wounded.
The troll barely misses you.
The troll claws you but does no damage. x2
You scratch the troll but do no damage. Your claw misses the troll.
The troll is heavily wounded.
The troll barely misses you. The troll claws you. The troll claws you!
* * * LOW HITPOINT WARNING * * *
You scratch the troll.
The troll is severely wounded.
The troll bites you!
You die...

..............# #+#...#+#
........>...#####.......##
#.........#+#.#...........
#.......###...##)........#
.........#......).........'
#........#......##.......##
.........#.......#.......#.
#......oT)......####+####.
. ##.....o#@......# #. #.
##.....#......## ## ...
#.....#......+ +
.!.##.T...###...## #
....(z......#+#.#
..##....##...### #....#
#### #..### #####.[#


You could see a troll and an orc priest.

Vanquished Creatures
  2 scorpions (D:4)
  2 wights (D:6)
  A bullfrog skeleton (D:4)
  A jelly (D:4)
  An orc priest (D:6)
  2 iguanas
  4 gnolls (D:4)
  3 adders
  An ufetubus (D:4)
  An adder skeleton (D:4)
  A dart slug (D:4)
  9 orcs
  3 endoplasms (D:4)
  A giant cockroach (D:4)
  4 goblins (D:4)
  A hobgoblin (D:4)
  2 jackals (D:4)
  2 kobolds (D:4)
  A quokka (D:4)
42 creatures vanquished.

Notes
Turn   | Place    | Note
-------+----------+-------------------------------------------
     0 | D:5      | hellse the Troll Delver began the quest for the Orb.
     0 | D:5      | Reached XP level 1. HP: 22/22 MP: 0/0
    19 | D:4      | Noticed an iguana
    24 | D:4      | Reached XP level 2. HP: 29/29 MP: 1/1
    29 | D:4      | Reached skill level 3 in Unarmed Combat
    37 | D:4      | Reached XP level 3. HP: 27/36 MP: 2/2
    65 | D:4      | Reached skill level 4 in Unarmed Combat
    65 | D:4      | Reached XP level 4. HP: 38/44 MP: 3/3
   334 | D:4      | Found a white marble altar of Elyvilon.
   373 | D:4      | Noticed a scorpion
   381 | D:4      | Killed a scorpion
   382 | D:4      | Reached skill level 5 in Unarmed Combat
   382 | D:4      | Reached XP level 5. HP: 40/50 MP: 4/4
   455 | D:4      | Found Jafrex's Antique Armour Emporium.
   587 | D:4      | Reached skill level 6 in Unarmed Combat
   624 | D:4      | Reached XP level 6. HP: 45/59 MP: 5/5
   698 | D:4      | Found a shimmering altar of Xom.
  1031 | D:5      | Noticed Menkaure
  1108 | D:6      | Reached skill level 7 in Unarmed Combat
  1213 | D:6      | Noticed a troll
  1227 | D:6      | Slain by a troll

Illustrated notes

Levels and vault maps discovered:
D:4:      layout_basic, elyvilon_altar_1, tgw_xom, serial_shops, shop
D:5:      layout_cave_pools, uniq_menkaure
D:6:      nicolae_cairo_tiling_very_big, layout_rooms, lemuel_round_altar,
          nicolae_lava_and_water

Skill      XL: |  1  2  3  4  5  6 |
---------------+-------------------+-----
Unarmed Combat | 3 4 5 6 7 |  7.0
Fighting       | 3 |  3.0
Dodging        | |  1.5
Stealth        | |  2.7

Action                   |  1- 3 |  4- 6 || total
-------------------------+-------+-------++-------
Melee: Unarmed           |    29 |   103 ||   132
       Punch             |       |     2 ||     2
  Use: Scroll            |     1 |       ||     1
 Stab: Distracted        |       |     1 ||     1
       Sleeping          |       |     1 ||     1
Armor: Robe              |    11 |    11 ||    22
       Steam dragon scal |       |    12 ||    12
Dodge: Dodged            |    11 |    39 ||    50

Table legend: (Time is in decaauts)
 A = Elapsed time spent in this place.
 B = Non-inter-level travel time spent in this place.
 C = Inter-level travel time spent in this place.
 D = Time resting spent in this place.
 E = Time spent auto-exploring this place.
 F = Levels seen in this place.
 G = Mean time per level.
                   A        B        C        D        E       F      G
               +--------+--------+--------+--------+--------+-----+--------+
         Total |   1217 |   1133 |     84 |     29 |    762 |   3 |  405.7 |
       Dungeon |   1217 |   1133 |     84 |     29 |    762 |   3 |  405.7 |
               +--------+--------+--------+--------+--------+-----+--------+

Top non-repeatable levels by time:
     D:4: 1011 daAuts
     D:6: 143 daAuts
     D:5: 63 daAuts
